AoeStats
← QUISPE CHACAL

Hill Fort

506716694Analyzed
3v3 RM · 16d ago on Sep 14, 2026· 49m 29s· 6 players
Game mode
Random Map
Map size
Normal (6 player)
Population
200
Speed
Normal
Resources
Standard
Victory
Conquest
Starting age
Dark Age
Ending age
Imperial Age
RankedLock teamsTeams togetherTeam positionsShared explorationLock speedFull tech treeHidden civsTurbo modeCheats
Victory
Defeat
🇹🇷 Bohemians · Türkiye
945
+16
🇧🇷 Britons · Brazil
909
+18
🇧🇪 Persians · Belgium
886
+18
🇵🇪 Spanish · Peru
966
-18
🇵🇪 Turks · Peru
952
-18
🇵🇪 Shu · Peru
917
-16
Severine
10:18 Feudal Age
12:33 Double-Bit Axe
12:42 Horse Collar
18:17 Castle Age
17:58 Loom
19:27 Wheelbarrow
21:37 Husbandry
21:48 Bloodlines
21:49 Scale Barding Armor
21:55 Forging
21:38 Fletching
24:25 Bow Saw
26:40 Chain Barding Armor
27:25 Iron Casting
29:50 Kamandaran
30:53 Hand Cart
30:25 Town Watch
32:32 Caravan
36:32 Imperial Age
35:21 Crossbowman
36:35 Padded Archer Armor
36:30 Bodkin Arrow
37:46 Conscription
38:10 Ballistics
38:51 Chemistry
37:46 Murder Holes
38:45 Thumb Ring
38:59 Masonry
39:08 Leather Archer Armor
39:02 Cavalier
40:20 Savar
42:55 Plate Barding Armor
42:51 Ring Archer Armor
43:22 Blast Furnace
48:35 Hoardings
TilionTheDarkPower
10:18 Feudal Age
10:59 Double-Bit Axe
10:55 Horse Collar
24:16 Castle Age
24:42 Town Watch
25:27 Bow Saw
25:18 Heavy Plow
25:32 Town Patrol
26:10 Wheelbarrow
25:53 Fletching
26:03 Padded Archer Armor
26:43 Elite Skirmisher
27:44 Hand Cart
31:26 Imperial Age
30:10 Wagenburg Tactics
31:47 Bodkin Arrow
32:07 Leather Archer Armor
32:34 Conscription
34:20 Chemistry
33:59 Bracer
34:15 Leather Archer Armor
33:37 Elite Hussite Wagon
35:42 Ballistics
36:35 Ring Archer Armor
36:47 Houfnice
37:59 Scale Barding Armor
38:54 Scale Mail Armor
43:58 Cavalier
44:38 Husbandry
45:59 Forging
46:09 Chain Barding Armor
48:07 Chain Mail Armor
48:27 Iron Casting
lemuel_db
10:01 Feudal Age
10:44 Double-Bit Axe
10:46 Horse Collar
11:49 Gold Mining
13:56 Loom
15:58 Fishing Lines
23:24 Castle Age
23:23 Stone Mining
24:05 Gillnets
24:57 Wheelbarrow
24:34 Bow Saw
24:27 Heavy Plow
24:32 Town Watch
24:34 Elite Skirmisher
25:46 Husbandry
27:12 Fletching
27:22 Padded Archer Armor
28:35 Gold Shaft Mining
28:04 Bodkin Arrow
28:20 Forging
31:28 Hand Cart
31:13 Town Patrol
31:30 Hand Cart
31:21 Town Patrol
35:36 Imperial Age
36:58 Hoardings
36:36 Scale Mail Armor
37:33 Conscription
38:49 Two-Man Saw
39:10 Yeomen
39:10 Warwolf
39:46 Ballistics
39:22 Murder Holes
39:39 Masonry
39:35 Siege Engineers
40:02 Elite Longbowman
Rychiplay
4:35 Loom
13:14 Feudal Age
17:40 Castle Age
15:36 Double-Bit Axe
16:13 Horse Collar
24:09 Imperial Age
22:29 Gold Mining
22:53 Bow Saw
26:34 Padded Archer Armor
30:32 Fletching
b1t
12:48 Feudal Age
17:56 Castle Age
26:53 Wheelbarrow
26:24 Double-Bit Axe
30:24 Bow Saw
33:21 Hand Cart
37:58 Imperial Age
41:37 Onager
45:03 Chemistry
QUISPE CHACAL
1:28 Loom
14:11 Feudal Age
22:08 Castle Age
20:13 Double-Bit Axe
38:42 Ballistics
38:34 Masonry
40:16 Thumb Ring
40:24 Padded Archer Armor
40:16 Fletching
41:21 Leather Archer Armor
42:01 Elite Skirmisher
42:04 Crossbowman
Connection lost

Rejoining the realm…

Still unreachable

The connection could not be restored.

Session expired

The server has moved on; the page needs a fresh start.